 Dungeon Crawl Stone Soup version 0.28-a0-983-g1de4e0787c (webtiles) character file.

Game seed: 1529647699045095130

669 ytrimaz the Covered (level 7, -8/56 HPs)
             Began as a Formicid Fighter on Dec 2, 2021.
             Killed from afar by Dowan (12 damage)
             ... with a shard of ice
             ... on level 7 of the Dungeon.
             The game lasted 00:03:18 (3834 turns).

ytrimaz the Covered (Formicid Fighter)              Turns: 3834, Time: 00:03:19

Health: -8/56      AC: 10    Str: 22    XL:     7   Next: 89%
Magic:  7/7        EV:  8    Int:  8    God:
Gold:   112        SH:  5    Dex: 10    Spells: 6/6 levels left

rFire   . . .      SeeInvis +   a - +0 war axe
rCold   . . .      Faith    .   c - +0 buckler
rNeg    . . .      Spirit   .   i - +0 chain mail
rPois   .          Reflect  .   (helmet unavailable)
rElec   .          Harm     .   (no cloak)
rCorr   +          Rampage  .   (no gloves)
Will    +....                   (no boots)
Stlth   ..........              (no amulet)
HPRegen 0.18/turn               b - ring of willpower
MPRegen 0.10/turn               m - ring of resist corrosion

@: no status effects
A: permanent stasis, dig shafts and tunnels, antennae 3, four strong arms
a: Dig, Shaft Self


You were on level 7 of the Dungeon.
You visited 1 branch of the dungeon, and saw 6 of its levels.

You collected 112 gold pieces.

Inventory:

Hand Weapons
 a - a +0 war axe (weapon)
Armour
 c - a +0 buckler (worn)
 i - a +0 chain mail (worn)
Jewellery
 b - a ring of willpower (left hand)
 k - an amulet of magic regeneration
 m - a ring of resist corrosion (right hand)
Wands
 d - a wand of polymorph (8)
 n - a wand of mindburst (7)
Scrolls
 f - a scroll of noise
 h - a scroll of blinking {unknown}
 l - a scroll of fear
Potions
 e - 3 potions of curing
 g - a potion of cancellation


   Skills:
 * Level 5.3 Fighting
 + Level 4.8 Axes
 * Level 5.7 Armour
 * Level 5.3 Shields


You had 6 spell levels left.
You didn't know any spells.
Your spell library contained the following spells:

 Spells                   Type           Power      Damage    Failure   Level
 Magic Dart               Conj           0%         1d3       97%         1
 Searing Ray              Conj           0%         2d4       99%         2
 Fulminant Prism          Conj/Hex       0%         3d6       100%        4


Dungeon Overview and Level Annotations

Branches:
Dungeon (5/15)
 Temple: D:4-7

Altars:
Vehumet

Shops:
D:2 (

Annotations:
D:3 2 transporters, Hubris850's ghost, amateur DjGl
D:7 Dowan


Innate Abilities, Weirdness & Mutations

You cannot be hasted, slowed, berserked, paralysed or teleported.
You can dig through walls and to a lower floor.
You have a pair of large antennae on your head. (SInv)
Your four strong arms can wield two-handed weapons with a shield.


Message History

Dowan barely misses you.
A centaur zombie comes into view.
Dowan says, "How can I live without her?"
Dowan casts a spell.
Dowan blinks!
Things that are here:
a +0 short sword; a +0 leather armour Unknown command.
Dowan mumbles some strange words.
Dowan blinks!
You block the centaur zombie's attack.
The centaur zombie kicks you but does no damage.
Unknown command.
The centaur zombie barely misses you. The centaur zombie closely misses you.
You hit Dowan.
Dowan is lightly wounded.
You hit the centaur zombie but do no damage.
Dowan hits you but does no damage.
The centaur zombie completely misses you.
The centaur zombie kicks you but does no damage.
Dowan casts a spell at you. The shard of ice hits you!
* * * LOW HITPOINT WARNING * * *
You block the centaur zombie's attack. The centaur zombie barely misses you.
You barely miss Dowan.
Dowan is lightly wounded.
You hit the centaur zombie. Dowan completely misses you.
The centaur zombie hits you but does no damage.
The centaur zombie kicks you but does no damage.
Dowan casts a spell at you. The shard of ice hits you!
* * * LOW HITPOINT WARNING * * *
You miss Dowan.
Dowan is lightly wounded.
You barely miss the centaur zombie.
The centaur zombie hits you but does no damage.
The centaur zombie kicks you but does no damage.
Dowan gestures at you while chanting. The shard of ice hits you!
You die...

..........# ...........#
...........# ...........#
...........# ...........#####
...............# .......Z.......#
.......@.......#
.......e.......########
...........)...#......##
........................#........
.................................
.................................
.........................#.....##
............................####
........................#####


You could see Dowan (fast) and a centaur zombie.

Vanquished Creatures
  Sigmund (D:3)
  Duvessa (D:7)
  A sky beast (D:4)
  2 hounds
  Natasha (thrice) (D:3)
  Terence (D:3)
  3 gnolls (D:2)
  4 adders
  An ufetubus (D:3)
  An adder skeleton (D:4)
  A worm (D:3)
  2 dart slugs
  4 orcs (D:4)
  6 ball pythons
  4 bats
  8 endoplasms
  5 goblins
  8 hobgoblins
  11 jackals
  4 frilled lizards
  11 kobolds
  2 rats
84 creatures vanquished.

Vanquished Creatures (others)
  5 toadstools (D:4)
5 creatures vanquished.

Grand Total: 89 creatures vanquished

Notes
Turn   | Place    | Note
-------+----------+-------------------------------------------
     0 | D:1      | ytrimaz the Formicid Fighter began the quest for the Orb.
     0 | D:1      | Reached XP level 1. HP: 18/18 MP: 1/1
    64 | D:1      | Reached XP level 2. HP: 24/24 MP: 2/2
   244 | D:1      | Found a faded altar of an unknown god.
   443 | D:1      | Reached XP level 3. HP: 30/30 MP: 3/3
  1193 | D:2      | Reached XP level 4. HP: 33/37 MP: 4/4
  1942 | D:2      | Found Geucun's Weapon Shoppe.
  1966 | D:2      | Found a radiant altar of Vehumet.
  2007 | D:3      | Noticed Sigmund
  2022 | D:3      | Killed Sigmund
  2023 | D:3      | Reached XP level 5. HP: 17/43 MP: 5/5
  2023 | D:3      | Reached XP level 6. HP: 19/49 MP: 6/6
  2271 | D:3      | Found a transporter.
  2271 | D:3      | Noticed Hubris850's ghost (amateur DjGl)
  2274 | D:3      | Found a transporter.
  2304 | D:3      | Noticed Natasha
  2322 | D:3      | Killed Natasha
  2323 | D:3      | Reached skill level 5 in Armour
  2612 | D:3      | Noticed Natasha
  2620 | D:3      | Killed Natasha
  2761 | D:3      | Noticed Natasha
  2766 | D:3      | Killed Natasha
  2801 | D:3      | Reached XP level 7. HP: 50/55 MP: 7/7
  3185 | D:3      | Noticed Terence
  3191 | D:3      | Killed Terence
  3301 | D:4      | Reached skill level 5 in Shields
  3351 | D:4      | Reached skill level 5 in Fighting
  3556 | D:4      | You fall into a shaft and drop 1 floor!
  3556 | D:5      | Entered Level 5 of the Dungeon
  3589 | D:5      | You fall into a shaft and drop 2 floors!
  3816 | D:7      | Noticed Duvessa
  3817 | D:7      | Noticed Dowan
  3826 | D:7      | Killed Duvessa
  3834 | D:7      | Killed from afar by Dowan

Illustrated notes

Levels and vault maps discovered:
D:1:      dpeg_arrival_ternary, layout_basic,
          shapermc_ecumenical_altar_starsandcircs, hex_tiny, chequers_jeans
D:2:      layout_basic, basic_altar, serial_shops, shop, minmay_misc_feat_roman,
          minmay_tetromino_l4
D:3:      layout_loops_ring, gammafunk_ghost_mausoleum, grunt_decor_clamped,
          uniq_natasha, uniq_terence, uniq_sigmund
D:4:      layout_basic, minmay_gold_behind_fungi
D:5:      layout_rooms, gammafunk_ghost_cemetery, enter_ossuary_5,
          due_unseen_surprise
D:7:      layout_basic, nicolae_elevator_lobby_plus, uniq_duvessa,
          uniq_prince_ribbit1

Skill      XL: |  1  2  3  4  5  6  7 |
---------------+----------------------+-----
Shields        | 4 5 |  5.3
Armour         | 4 5 |  5.7
Fighting       | 4 5 |  5.3
Axes           | 3 4 |  4.8

Action                   |  1- 3 |  4- 6 |  7- 9 || total
-------------------------+-------+-------+-------++-------
Melee: War axe           |   100 |   111 |    87 ||   298
 Abil: Shaft Self        |       |       |     2 ||     2
  Use: Scroll            |     1 |     2 |     1 ||     4
       Potion            |       |     2 |     5 ||     7
Armor: Scale mail        |    45 |    19 |       ||    64
       Chain mail        |       |    47 |    70 ||   117
Dodge: Dodged            |    40 |    47 |    57 ||   144
Block: Buckler           |    23 |    17 |    29 ||    69

Table legend: (Time is in decaauts)
 A = Elapsed time spent in this place.
 B = Non-inter-level travel time spent in this place.
 C = Inter-level travel time spent in this place.
 D = Time resting spent in this place.
 E = Time spent auto-exploring this place.
 F = Levels seen in this place.
 G = Mean time per level.
                   A        B        C        D        E       F      G
               +--------+--------+--------+--------+--------+-----+--------+
         Total |   3935 |   3854 |     81 |      0 |   3044 |   6 |  655.8 |
       Dungeon |   3935 |   3854 |     81 |      0 |   3044 |   6 |  655.8 |
               +--------+--------+--------+--------+--------+-----+--------+

Top non-repeatable levels by time:
     D:3: 1306 daAuts
     D:1: 1118 daAuts
     D:2: 922 daAuts
     D:4: 313 daAuts
     D:7: 248 daAuts
     D:5: 26 daAuts
